 Dungeon Crawl Stone Soup version 0.32-a0-306-gfed3edf829 (webtiles) character file.

Game seed: 1732946785842839760

102 Bobbunny the Ruffian (level 4, -3/29 HPs)
             Began as an Octopode Shapeshifter on Feb 14, 2024.
             Slain by Terence
             ... wielding a +0 mace
              (4 damage)
             ... on level 2 of the Dungeon.
             The game lasted 00:02:11 (1229 turns).

Bobbunny the Ruffian (Octopode Shapeshifter)        Turns: 1229, Time: 00:02:12

Health: -3/29      AC:  1    Str: 15    XL:     4   Next: 77%
Magic:  4/4        EV: 13    Int: 12    God:
Gold:   58         SH:  0    Dex: 11    Spells: 3/3 levels left

rFire   . .          .
                       - Unarmed
rCold   . . .        (no shield)
rNeg    . . .        (helmet currently unavailable)
rPois   .            (no amulet)
rElec   .            (no ring)
rCorr   .            (no ring)
SInv    .            (no ring)
Will    .....        (no ring)
Stlth   +++          (no ring)
HPRegen 0.24/turn    (no ring)
MPRegen 0.09/turn    (no ring)
                     (no ring)

%: no passive effects
@: beast-form
A: beast (slay +1), almost no armour, amphibious, 8 rings, camouflage 1,
gelatinous body 1, (nimble swimmer 1), tentacles
a: Begin Untransformation


You were on level 2 of the Dungeon.
You were a hulking beast.
You visited 1 branch of the dungeon, and saw 2 of its levels.

You collected 58 gold pieces.

Inventory:

Missiles
 g - 2 stones (quivered)
 h - 2 datura-tipped darts
Jewellery
 i - a ring of willpower
 j - a ring of willpower
Talismans
 b - a beast talisman (active)
 c - a flux talisman
Scrolls
 e - a scroll of identify {unknown}
 f - a scroll of enchant armour {unknown}
 k - a scroll of acquirement {unknown}
Potions
 a - 3 potions of lignification
 d - a potion of might {unknown}


   Skills:
 + Level 2.0 Fighting
 + Level 2.7 Dodging
 + Level 2.4 Stealth
 + Level 3.5 Unarmed Combat
 + Level 3.4 Shapeshifting


You had 3 spell levels left.
You didn't know any spells.
Your spell library was empty.

Dungeon Overview and Level Annotations

Branches:
Dungeon (2/15)

Altars:
Xom

Annotations:
D:2 Terence


Innate Abilities, Weirdness & Mutations

You are a hulking beast.
Your limbs bulge with bestial killing power. (Slay +1)
You cannot wear most types of armour.
You are amphibious.
You can wear up to eight rings at the same time.
Your skin changes colour to match your surroundings (Stealth+).
Your rubbery body absorbs attacks. (AC +1, EV +1)
((You are camouflaged when in or above water. (Stealth+)))
You have tentacles for arms and can constrict up to eight enemies at once.


Message History

Terence says, "Don't bother to defend, it's senseless."
Robin closely misses you.
There is a stone staircase leading up here.
Robin completely misses you.
You climb upwards.
There is a stone staircase leading down here.
You tentacle-slap Robin. Your grab misses Robin.
Robin is moderately wounded.
Robin barely misses you.
You closely miss Robin. You grab Robin.
Robin is moderately wounded.
You constrict Robin, but do no damage. Robin closely misses you.
You bludgeon Robin! You tentacle-slap Robin.
Robin is almost dead.
You constrict Robin, but do no damage. Robin closely misses you.
You barely miss Robin. You squeeze Robin.
You kill Robin!
Things that are here:
a +0 spear; a +0 animal skin; a +2 helmet
There is a stone staircase leading down here.
You climb downwards.
Level annotation: Terence Terence hits you with a +0 mace!
There is a stone staircase leading up, spattered with blood here.
You barely miss Terence. Your grab misses Terence.
Terence hits you with a +0 mace!
You closely miss Terence. You grab Terence. You tentacle-slap Terence.
Terence is lightly wounded.
You constrict Terence, but do no damage.
Terence hits you with a +0 mace!
* * * LOW HITPOINT WARNING * * *
You tentacle-slap Terence but do no damage.
You squeeze Terence.
Terence is lightly wounded.
You constrict Terence, but do no damage.
The hobgoblin hits you with a +0 hand axe.
* * * LOW HITPOINT WARNING * * *
Terence hits you with a +0 mace.
You die...
Terence says, "Time to find some more victims."

#.### ...g. #.######'###.#
#...##.gg ...####.# #.#
#.###)..## #......###..
#.....#..# #######...###
#######w##.### ... #.#.#
......).##...####### #.###.#.#
.....gw#####.......####.....#.###
.......### ##....................
.......†.####'#gh#.#######....###
.......#.#......@..# #.####
.......#.#........### #.######
.......#.#........'.# #.......
#####.##.#.......)#.# #..#####
#.##..†......<#.# #.)#####
#.....#########.# #....)..
###...# #.....######.######
#..S#####.######...^.######


You could see Terence and a hobgoblin.

Vanquished Creatures
  Robin (D:1)
  2 adders (D:2)
  A dart slug (D:2)
  A ribbon worm (D:1)
  2 ball pythons (D:1)
  4 endoplasms
  A giant cockroach (D:1)
  5 hobgoblins
  3 quokkas (D:1)
  5 bats
  A frilled lizard (D:2)
  7 goblins
  2 kobolds (D:1)
  4 rats
39 creatures vanquished.

Notes
Turn   | Place    | Note
-------+----------+-------------------------------------------
     0 | D:1      | Bobbunny the Octopode Shapeshifter began the quest for the
                  | Orb.
     0 | D:1      | Reached XP level 1. HP: 13/13 MP: 1/1
    40 | D:1      | Reached XP level 2. HP: 18/18 MP: 2/2
    44 | D:1      | Reached skill level 1 in Stealth
   291 | D:1      | Reached XP level 3. HP: 23/23 MP: 3/3
   624 | D:2      | Noticed Robin
   834 | D:2      | Reached XP level 4. HP: 23/29 MP: 4/4
   867 | D:2      | Found a shimmering altar of Xom.
  1210 | D:2      | Noticed Terence
  1222 | D:1      | Killed Robin
  1229 | D:2      | HP: 1/29 [hobgoblin/+0 hand axe[Robin] (4)]
  1229 | D:2      | Slain by Terence

Illustrated notes

Levels and vault maps discovered:
D:1:      tarquinn_simple_flora_water_c, layout_loops_cross, serial_forest,
          infiniplex_forest_clump_C, infiniplex_forest_zigzag_2,
          infiniplex_forest_straight_2, infiniplex_forest_straight_2,
          infiniplex_forest_clump_medium, hangedman_decor_lopped
D:2:      layout_basic, basic_altar, uniq_robin, uniq_terence

Skill      XL: |  1  2  3  4 |
---------------+-------------+-----
Stealth        | 1 2 |  2.4
Fighting       | 2 |  2.0
Dodging        | |  2.7
Unarmed Combat | |  3.5
Shapeshifting  | |  3.4

Action                     |  1- 3 |  4- 6 || total
---------------------------+-------+-------++-------
  Melee: Unarmed           |    44 |    27 ||    71
         Tentacles         |    10 |     4 ||    14
         Constrict         |    13 |     8 ||    21
         Punch             |       |     2 ||     2
  Throw: Stone             |       |     7 ||     7
   Stab: Sleeping          |     8 |       ||     8
 Armour: Skin              |    22 |    22 ||    44
  Dodge: Dodged            |    29 |    19 ||    48

Table legend: (Time is in decaauts)
 A = Elapsed time spent in this place.
 B = Non-inter-level travel time spent in this place.
 C = Inter-level travel time spent in this place.
 D = Time resting spent in this place.
 E = Time spent auto-exploring this place.
 F = Levels seen in this place.
 G = Mean time per level.
                   A        B        C        D        E       F      G
               +--------+--------+--------+--------+--------+-----+--------+
         Total |   1229 |   1198 |     31 |    272 |    569 |   2 |  614.5 |
       Dungeon |   1229 |   1198 |     31 |    272 |    569 |   2 |  614.5 |
               +--------+--------+--------+--------+--------+-----+--------+

Top non-repeatable levels by time:
     D:1: 851 daAuts
     D:2: 377 daAuts
